AoeStats
← Blink

Arena

505282341Analyzed
1v1 RM · 23d ago on Sep 8, 2026· 45m 1s· 2 players
Game mode
Random Map
Map size
Tiny (2 player)
Population
200
Speed
Normal
Resources
Standard
Victory
Conquest
Starting age
Dark Age
Ending age
Imperial Age
RankedLock teamsTeams togetherTeam positionsShared explorationLock speedFull tech treeHidden civsTurbo modeCheats
Victory
Defeat
🇲🇽 Persians · Mexico
885
+15
🇺🇸 Italians · United States
862
-15
Blink
7:16 Loom
12:23 Feudal Age
13:52 Double-Bit Axe
14:05 Horse Collar
16:58 Castle Age
18:34 Bow Saw
18:27 Heavy Plow
19:11 Wheelbarrow
19:34 Wheelbarrow
18:44 Town Watch
19:09 Gold Mining
19:11 Stone Mining
21:36 Stone Shaft Mining
25:16 Hand Cart
28:39 Fletching
29:12 Ballistics
33:45 Imperial Age
31:53 Arson
32:08 Squires
32:12 Bodkin Arrow
32:17 Padded Archer Armor
32:49 Scale Barding Armor
32:55 Forging
32:47 Scale Mail Armor
33:07 Town Patrol
32:44 Elite Skirmisher
33:30 Thumb Ring
33:40 Masonry
33:41 Fortified Wall
33:27 Murder Holes
33:16 Treadmill Crane
34:59 Conscription
34:07 Elite Genoese Crossbowman
35:56 Chemistry
35:27 Architecture
35:18 Block Printing
35:23 Sanctity
35:29 Illumination
35:45 Onager
35:51 Capped Ram
37:52 Bloodlines
37:42 Husbandry
37:03 Light Cavalry
39:22 Two-Man Saw
39:09 Pirotechnia
40:41 Hoardings
40:29 Hussar
45:14 Iron Casting
44:40 Bracer
Angelheredia997
7:53 Loom
12:15 Feudal Age
17:33 Castle Age
15:34 Horse Collar
16:14 Double-Bit Axe
19:58 Bow Saw
23:16 Wheelbarrow
23:17 Heavy Plow
23:45 Crossbowman
25:40 Hand Cart
26:10 Kamandaran
26:53 Fletching
27:03 Padded Archer Armor
31:08 Imperial Age
29:41 Ballistics
30:36 Thumb Ring
32:33 Chemistry
31:30 Murder Holes
31:08 Light Cavalry
31:58 Bloodlines
31:52 Husbandry
33:27 Two-Man Saw
32:25 Stone Mining
32:25 Gold Mining
33:37 Crop Rotation
32:39 Hussar
35:29 Bodkin Arrow
38:07 Gold Shaft Mining
37:36 Town Watch
38:18 Town Patrol
43:18 Leather Archer Armor
43:08 Scale Barding Armor
43:14 Forging
Connection lost

Rejoining the realm…

Still unreachable

The connection could not be restored.

Session expired

The server has moved on; the page needs a fresh start.